 Dungeon Crawl Stone Soup version 0.32-a0-131-g9dbbe29261 (webtiles) character file.

Game seed: 14066169097528749533

9 Esekla the Sneak (level 2, 18/21 HPs)
             Began as an Octopode Delver on Feb 8, 2024.
             Quit the game on level 5 of the Dungeon.
             The game lasted 00:07:15 (796 turns).

Esekla the Sneak (Octopode Delver)                   Turns: 796, Time: 00:07:16

Health: 18/21      AC:  1    Str: 11    XL:     2   Next: 12%
Magic:  2/2        EV: 13    Int: 12    God:
Gold:   44         SH:  0    Dex: 13    Spells: 1/1 levels left

rFire   . . .        a - +0 falchion
rCold   . . .        (no shield)
rNeg    . . .        (helmet restricted)
rPois   .            (no amulet)
rElec   .            (no ring)
rCorr   .            (no ring)
SInv    .            (no ring)
Will    .....        (no ring)
Stlth   ++++         (no ring)
HPRegen 0.23/turn    (no ring)
MPRegen 0.08/turn    (no ring)
                     (no ring)

%: no passive effects
@: no status effects
A: almost no armour, amphibious, 8 rings, camouflage 1, gelatinous body 1,
(nimble swimmer 1), tentacles
a: no special abilities


You were on level 5 of the Dungeon.
You visited 2 branches of the dungeon, and saw 2 of its levels.

You collected 44 gold pieces.

Inventory:

Hand Weapons
 a - a +0 falchion (weapon)
 g - a +0 dagger
Wands
 f - a wand of digging (3)
Scrolls
 b - a scroll of fog
 c - a scroll of immolation {unknown}
Potions
 e - a potion of haste


   Skills:
 * Level 3.1 Fighting
 + Level 2.0 Long Blades
 * Level 2.1 Dodging
 + Level 6.9 Stealth
 * Level 0.3 Spellcasting


You had one spell level left.
You didn't know any spells.
Your spell library was empty.

Dungeon Overview and Level Annotations

Branches:
Dungeon (5/15)             Temple (1/1) D:5

Altars:
Ashenzari
Cheibriados
Dithmenos
Elyvilon
Fedhas
Makhleb
Okawaru
Ru
Sif Muna
Trog
Vehumet
Wu Jian
Xom
Yredelemnul

Shops:
D:5 ?[=*[

Annotations:
D:5 1 transporter


Innate Abilities, Weirdness & Mutations

You cannot wear most types of armour.
You are amphibious.
You can wear up to eight rings at the same time.
Your skin changes colour to match your surroundings (Stealth+).
Your rubbery body absorbs attacks. (AC +1, EV +1)
((You are camouflaged when in or above water. (Stealth+)))
You have tentacles for arms and can constrict up to eight enemies at once.


Message History

As you read the scroll of fear, it crumbles to dust.
You assume a fearsome visage.
The iguana looks frightened!
You enter the deep water.
You enter the deep water.
Found a leather armour.
There is an entrance to Plog's Antique Armour Shoppe here.
You open the door.
Found Kothionu's Magic Scroll Emporium.
There is an open door here.
You close the door.
There is an entrance to Kothionu's Magic Scroll Emporium here.
You can access your shopping list by pressing '$'.
You open the door.
There is an open door here.
Found a transporter.
Found Gafaifa's Jewellery Emporium.
Found a transporter.
There is a transporter here.
You enter the transporter and appear at another place.
The helpless dart slug fails to defend itself.
You hit the dart slug. You grab the dart slug.
The dart slug is lightly wounded.
You constrict the dart slug. You hit the dart slug.
You squeeze the dart slug, but do no damage.
The dart slug is heavily wounded.
You constrict the dart slug. The dart slug launches a dart at you.
The slug dart hits you.
You hit the dart slug. You squeeze the dart slug.
The dart slug is almost dead.
You constrict the dart slug.
You kill the dart slug!
You have reached level 2!
You see here a dart slug corpse.
There is an entrance to Gafaifa's Jewellery Emporium here.
You can access your shopping list by pressing '$'.
There is a transporter here.
Unknown command.
Are you sure you want to abandon this character and quit the game? (Confirm with "yes".)

*****##* #......####
#######################..........
#.....##...#...†.#...##..≈≈≈.≈≈≈≈
#.#+#.#...©#©.∩.@#©......≈.......
..#.#......#.....#...##..≈.#####.
###.###.###############..≈.#.....
'..∩..+.######* #..≈.#._.#.
###.###.......#########..≈.....#.
#.#,...........#...##..≈.#####.
#+#*###......^.'...'...≈.......
#.######.......#...##..≈≈≈≈≈≈≈≈
#..............#...##..........


There were no monsters in sight!

Vanquished Creatures
  A dart slug (D:5)
  3 orcs (D:5)
4 creatures vanquished.

Notes
Turn   | Place    | Note
-------+----------+-------------------------------------------
     0 | D:5      | Esekla the Octopode Delver began the quest for the Orb.
     0 | D:5      | Reached XP level 1. HP: 16/16 MP: 1/1
    81 | D:5      | Found Vetocw's General Store.
    83 | D:5      | Found Kejiaxe's Armour Boutique.
    95 | D:5      | Identified the +2 leather armour "Valirgh" {Int+6}
   110 | D:5      | Found a bloodstained altar of Trog.
   133 | D:5      | Noticed an iguana
   144 | D:5      | Found a staircase to the Ecumenical Temple.
   150 | Temple   | Entered the Ecumenical Temple
   154 | D:5      | Found Plog's Antique Armour Shoppe.
   154 | D:5      | Noticed an orc priest
   578 | D:5      | Found a white marble altar of Elyvilon.
   665 | D:5      | Noticed a jelly
   763 | D:5      | Found Kothionu's Magic Scroll Emporium.
   781 | D:5      | Found a transporter.
   782 | D:5      | Found Gafaifa's Jewellery Emporium.
   784 | D:5      | Found a transporter.
   792 | D:5      | Reached XP level 2. HP: 17/21 MP: 2/2
   796 | D:5      | Quit the game

Illustrated notes

Levels and vault maps discovered:
D:5:      nicolae_cairo_tiling_large_dashed, layout_basic, elyvilon_altar_3,
          mainiacjoe_overflow_brackets, minmay_temple_entry_grid, serial_shops,
          shop, nicolae_shop_drivethru, shop, shop, nicolae_shop_hallway_plus
Temple:   hellmonk_temple_two_chambers

Action                     || total
---------------------------++-------
  Melee: Falchion          ||    12
         Constrict         ||     4
         Tentacles         ||     3
         Punch             ||     1
    Use: Scroll            ||     2
   Stab: Sleeping          ||     1
 Armour: Skin              ||     7
  Dodge: Dodged            ||     3

Table legend: (Time is in decaauts)
 A = Elapsed time spent in this place.
 B = Non-inter-level travel time spent in this place.
 C = Inter-level travel time spent in this place.
 D = Time resting spent in this place.
 E = Time spent auto-exploring this place.
 F = Levels seen in this place.
 G = Mean time per level.
                   A        B        C        D        E       F      G
               +--------+--------+--------+--------+--------+-----+--------+
         Total |    799 |    799 |      0 |    410 |      0 |   2 |  399.5 |
       Dungeon |    395 |    395 |      0 |     10 |      0 |   1 |  395.0 |
        Temple |    404 |    404 |      0 |    400 |      0 |   1 |  404.0 |
               +--------+--------+--------+--------+--------+-----+--------+

Top non-repeatable levels by time:
  Temple: 404 daAuts
     D:5: 395 daAuts
